 Dungeon Crawl Stone Soup version 0.28-a0-793-g31680bbd8b (webtiles) character file.

Game seed: 8899547506844525868

124 kae the Caller (level 5, 0/38 HPs)
             Began as a Merfolk Summoner on Nov 4, 2021.
             Shot with a stone by a goblin (4 damage)
             ... led by Robin
             ... on level 3 of the Dungeon.
             The game lasted 00:03:25 (4926 turns).

kae the Caller (Merfolk Summoner)                   Turns: 4926, Time: 00:03:25

Health: 0/38       AC:  3    Str:  8    XL:     5   Next: 8%
Magic:  7/9        EV: 13    Int: 15    God:
Gold:   157        SH:  0    Dex: 15    Spells: 3/9 levels left

rFire   . . .      SeeInvis .   c - +0 flail
rCold   . . .      Faith    .   (no shield)
rNeg    . . .      Spirit   .   a - +1 robe
rPois   .          Reflect  .   (no helmet)
rElec   .          Harm     .   (no cloak)
rCorr   .          Rampage  .   (no gloves)
Will    .....                   (no boots)
Stlth   ++........              (no amulet)
HPRegen 0.12/turn               (no ring)
MPRegen 0.11/turn               (no ring)

@: no status effects
A: (nimble swimmer 2), mertail
a: no special abilities


You were on level 3 of the Dungeon.
You visited 1 branch of the dungeon, and saw 3 of its levels.

You collected 157 gold pieces.

Inventory:

Hand Weapons
 c - a +0 flail (weapon)
Armour
 a - a +1 robe (worn)
Scrolls
 b - 8 scrolls of identify
 d - a scroll of brand weapon
 e - a scroll of summoning
 f - a scroll of blinking {unknown}
 g - 2 scrolls of amnesia
Potions
 h - a potion of cancellation {unknown}
 i - a potion of resistance {unknown}
 j - a potion of mutation {unknown}


   Skills:
 + Level 1.9 Fighting
 + Level 3.8 Dodging
 - Level 2.1 Stealth
 + Level 2.7 Spellcasting
 * Level 5.0 Summonings


You had 3 spell levels left.
You knew the following spells:

 Your Spells              Type           Power      Damage    Failure   Level
a - Summon Small Mammal   Summ           68%        N/A       2%          1
b - Call Imp              Summ           17%        N/A       4%          2
c - Call Canine Familiar  Summ           17%        N/A       8%          3

Your spell library contained the following spells:

 Spells                   Type           Power      Damage    Failure   Level
 Summon Guardian Golem    Hex/Summ       9%         N/A       22%         3
 Summon Lightning Spire   Summ/Air       9%         N/A       58%         4
 Leda's Liquefaction      Hex/Erth       1%         N/A       90%         4
 Lee's Rapid Deconstruct  Erth           1%         3d5*      99%         5
 Statue Form              Tmut/Erth      1%         N/A       100%        6


Dungeon Overview and Level Annotations

Branches:
Dungeon (3/15)

Altars:
Yredelemnul

Annotations:
D:3 exclusions: 2 gnolls, orc and orc wizard, Robin


Innate Abilities, Weirdness & Mutations

((You are quick and stealthy near water. (Stealth+, EV+, Speed+++)))
Your lower body shifts to a powerful aquatic tail in water.


Message History

Robin barely misses you. Robin hits you with a +4 club.
You hit Robin but do no damage.
Robin is heavily wounded.
The goblin unwields a +0 hunting sling.
The goblin wields a +0 dagger.
The goblin hits you with a +0 dagger. Robin throws the goblin at you!
The goblin hits you with a +0 club.
There are monsters nearby!
You are too injured to fight recklessly!
You are too injured to fight recklessly!
There are monsters nearby!
You are too injured to fight recklessly!
You are too injured to fight recklessly!
You are too injured to fight recklessly!
You are too injured to fight recklessly!
The goblin unwields a +0 dagger.
The goblin wields a +0 hunting sling.
The goblin shoots a stone.
The stone hits you.
The goblin unwields a +0 club.
The goblin wields a +1 hunting sling of freezing.
It is covered in frost.
The goblin shoots a stone.
The stone hits you. The stone freezes you.
The goblin shoots a stone.
The stone barely misses you. Robin throws the goblin at you!
The goblin shoots a stone.
The stone hits you. The stone freezes you.
The goblin unwields a +0 hunting sling.
The goblin wields a +0 dagger.
The goblin hits you with a +0 dagger. Robin throws the goblin at you!
* * * LOW HITPOINT WARNING * * *
The goblin unwields a +1 hunting sling of freezing.
The goblin wields a +0 club.
The goblin hits you with a +0 club.
* * * LOW HITPOINT WARNING * * *
The goblin hits you but does no damage.
Things that are here:
a +0 club; a goblin corpse The goblin hits you with a +0 club.
* * * LOW HITPOINT WARNING * * *
The goblin unwields a +0 dagger.
The goblin wields a +0 hunting sling.
The goblin shoots a stone.
The stone misses you.
The goblin unwields a +0 club.
The goblin wields a +1 hunting sling of freezing.
It is covered in frost.
The goblin shoots a stone.
The stone closely misses you.
The goblin shoots a stone.
The stone hits you.
You die...

#...#.....g ####≈≈#
#...##########...≈≈#
#...)........#...≈≈#
#.)..........#...≈≈#
##'##.....##'##..≈≈#
#...#gg...#...#..≈≈#
#...#[)g..#...#..≈≈#
#...#..)).#...#..≈≈##
##'##.@.).##'##).≈≈.###
#...#.....#......≈≈...#
#..)#.....#.....≈≈≈.#.#
#≈≈≈#.....#≈≈≈≈≈≈≈)##.#
#≈≈≈##'''##≈≈≈≈≈≈#.##.#
##≈≈≈≈...≈≈≈≈#####.##.#
###≈≈..)≈≈### #.##.#
###)).#########.##.#
#..............#.#


You could see Robin and 2 goblins.

Vanquished Creatures
  3 adders (D:2)
  A dart slug (D:2)
  2 endoplasms
  A giant cockroach (D:2)
  7 goblins
  7 hobgoblins
  2 jackals (D:3)
  3 quokkas
  5 ball pythons
  6 bats
  3 frilled lizards
  4 kobolds
  2 rats
  A spectral orc (D:3)
47 creatures vanquished.

Vanquished Creatures (collateral kills)
  A gnoll (D:1)
  An adder (D:2)
  A dart slug (D:1)
  2 orcs (D:3)
  A ball python (D:3)
  An endoplasm (D:1)
  A giant cockroach (D:2)
  4 goblins (D:3)
  2 hobgoblins (D:3)
  A jackal (D:3)
  A quokka (D:1)
  A frilled lizard (D:2)
  A kobold (D:1)
  2 rats (D:2)
20 creatures vanquished.

Grand Total: 67 creatures vanquished

Notes
Turn   | Place    | Note
-------+----------+-------------------------------------------
     0 | D:1      | kae the Merfolk Summoner began the quest for the Orb.
     0 | D:1      | Reached XP level 1. HP: 13/13 MP: 3/3
   419 | D:1      | Reached XP level 2. HP: 10/20 MP: 0/5
   643 | D:1      | Learned a level 2 spell: Call Imp
  1295 | D:1      | Reached skill level 1 in Fighting
  1467 | D:1      | Reached XP level 3. HP: 23/26 MP: 6/6
  1649 | D:1      | Found a faded altar of an unknown god.
  2653 | D:2      | Reached XP level 4. HP: 4/32 MP: 4/7
  4178 | D:3      | Learned a level 3 spell: Call Canine Familiar
  4770 | D:3      | Found a basalt altar of Yredelemnul.
  4894 | D:3      | Reached XP level 5. HP: 35/38 MP: 3/9
  4903 | D:3      | Reached skill level 5 in Summonings
  4916 | D:3      | Noticed Robin
  4926 | D:3      | Shot with a stone by a goblin

Illustrated notes

Levels and vault maps discovered:
D:1:      mainiacjoe_arrival_reflecting_pool, layout_loops_corners,
          ebering_ecumenical_altar_rust
D:2:      minmay_recursive_quarters, layout_basic
D:3:      kennysheep_goblin_castle, layout_loops_ring,
          yredelemnul_forgotten_temple_becter, minmay_misc_feat_pillars

Skill      XL: |  1  2  3  4  5 |
---------------+----------------+-----
Dodging        | 3 |  3.8
Fighting       | 1 |  1.9
Summonings     | 5 |  5.0
Stealth        | |  2.1
Spellcasting   | |  2.7

Action                   |  1- 3 |  4- 6 || total
-------------------------+-------+-------++-------
Melee: Unarmed           |    23 |       ||    23
       Flail             |    95 |   102 ||   197
 Cast: Summon Small Mamm |    30 |    13 ||    43
       Call Imp          |     4 |     3 ||     7
       Call Canine Famil |       |     1 ||     1
  Use: Scroll            |     5 |       ||     5
       Potion            |     1 |       ||     1
 Stab: Sleeping          |     4 |       ||     4
       Distracted        |     3 |     1 ||     4
Armor: Robe              |    47 |    40 ||    87
       Skin              |    38 |    12 ||    50
Dodge: Dodged            |   118 |    94 ||   212

Table legend: (Time is in decaauts)
 A = Elapsed time spent in this place.
 B = Non-inter-level travel time spent in this place.
 C = Inter-level travel time spent in this place.
 D = Time resting spent in this place.
 E = Time spent auto-exploring this place.
 F = Levels seen in this place.
 G = Mean time per level.
                   A        B        C        D        E       F      G
               +--------+--------+--------+--------+--------+-----+--------+
         Total |   4980 |   4880 |    100 |   1119 |   2916 |   3 | 1660.0 |
       Dungeon |   4980 |   4880 |    100 |   1119 |   2916 |   3 | 1660.0 |
               +--------+--------+--------+--------+--------+-----+--------+

Top non-repeatable levels by time:
     D:1: 2006 daAuts
     D:2: 1906 daAuts
     D:3: 1067 daAuts
